 Dungeon Crawl Stone Soup version 0.31-a0-210-gccc998df9b (webtiles) character file.

Game seed: 1049148730730243766

909 Anon1729 the Trooper (level 7, 0/66 HPs)
             Began as a Minotaur Monk on June 30, 2023.
             Was a Believer of Qazlal.
             Succumbed to an adder's poison
             ... on level 4 of the Dungeon.
             The game lasted 00:02:40 (2928 turns).

Anon1729 the Trooper (Minotaur Monk)                Turns: 2928, Time: 00:02:40

Health: 0/66       AC: 17    Str: 17    XL:     7   Next: 81%
Magic:  6/6        EV:  6    Int:  7    God:    Qazlal [**....]
Gold:   159        SH:  2    Dex: 13    Spells: 6/6 levels left

rFire   . . .        k - +2 trident (protect)
rCold   . . .        d - orb {light}
rNeg    . . .        a - +0 plate armour
rPois   .            (helmet restricted)
rElec   .            (no cloak)
rCorr   .            (no gloves)
SInv    .            (no boots)
Will    .....        (no amulet) Stlth
                     (no ring)
HPRegen 0.31/turn    (no ring)
MPRegen 0.10/turn

%: no passive effects
@: lethally poisoned (0 -> -4), under a protective aura, glowing
A: horns 2, retaliatory headbutt
a: Renounce Religion, Upheaval


You were on level 4 of the Dungeon.
You worshipped Qazlal.
Qazlal was pleased with you.
You visited 1 branch of the dungeon, and saw 5 of its levels.

You collected 159 gold pieces.

Inventory:

Hand Weapons
 j - a +2 dagger of venom
 k - a +2 trident of protection (weapon)
Armour
 a - a +0 plate armour (worn)
 b - a +0 robe
 d - an orb of light (worn)
Jewellery
 n - a +6 ring of strength
 q - an amulet of regeneration
Wands
 s - a wand of paralysis (2)
Scrolls
 f - 4 scrolls of identify {unknown}
 g - 4 scrolls of vulnerability {unknown}
 l - a scroll of enchant armour {unknown}
 o - a scroll of immolation {unknown}
 v - a scroll of acquirement {unknown}
 w - a scroll of enchant weapon {unknown}
Potions
 c - a potion of ambrosia
 e - 2 potions of attraction
 h - 3 potions of curing {unknown}
 i - a potion of degeneration {unknown}
 m - a potion of enlightenment {unknown}
 p - a potion of lignification {unknown}
 r - a potion of heal wounds {unknown}
 t - 2 potions of brilliance {unknown}
 u - a potion of haste {unknown}


   Skills:
 + Level 7.3 Fighting
 + Level 7.1 Axes
 + Level 6.5 Dodging
 + Level 0.0 Invocations


You had 6 spell levels left.
You didn't know any spells.
Your spell library contained the following spells:

 Spells                   Type           Power      Damage    Failure   Level
 Foxfire                  Conj/Fire      0%         2x1d4     100%        1
 Sting                    Tmut/Pois      0%         1d3       100%        1
 Poisonous Vapours        Pois/Air       0%         N/A       100%        2
 Gell's Gravitas          Tloc           0%         N/A       100%        3
 Teleport Other           Tloc           0%         N/A       100%        3
 Olgreb's Toxic Radiance  Pois           0%         N/A       100%        4
 Fireball                 Conj/Fire      0%         3d3       100%        5
 Summon Forest            Summ/Tloc      0%         N/A       100%        5
 Summon Mana Viper        Hex/Summ       0%         N/A       100%        5
 Dispersal                Tloc           0%         N/A       100%        6
 Plasma Beam              Fire/Air       0%         2x1d10    100%        6
 Starburst                Conj/Fire      0%         6d3       100%        6
 Summon Cactus Giant      Summ           0%         N/A       100%        6


Dungeon Overview and Level Annotations

Branches:
Dungeon (5/15)
 Temple: D:4-7

Altars:
Cheibriados
Qazlal
Trog

Shops:
D:2 [

Annotations:
D:4 3 runed translucent doors, bmj180's ghost, amateur MfIE; ketsa's ghost, amateur MiFi


Innate Abilities, Weirdness & Mutations

You have a pair of horns on your head.
You reflexively headbutt those who attack you in melee.


Message History

The gnoll hits you but does no damage.
The gnoll sergeant hits you from afar with a +0 trident!
* * * LOW HITPOINT WARNING * * *
Reach: k) +2 trident (protect)
Press: ? - help, Dir - move target, f/p - gnoll sergeant
Aim: a gnoll sergeant, wielding a +0 trident and wearing a +0 scale mail (severely wounded, haloed, about 13% to evade your +2 trident of protection)
Okay, then.
The gnoll sergeant hits you but does no damage.
An adder comes into view.
The adder hisses angrily.
Found 20 gold pieces.
A dart slug comes into view.
The dart slug briefly extends its eye-stalks.
The dart slug launches a dart at you.
The slug dart hits you but does no damage.
There is an escape hatch in the ceiling here.
The adder closely misses you.
The gnoll sergeant hits you from afar with a +0 trident!
* * * LOW HITPOINT WARNING * * *
The adder bites you.
* * * LOW HITPOINT WARNING * * *
A mysterious force pulls you upwards. The hatch slams shut behind you.
Level annotation: 3 runed translucent doors, bmj180's ghost, amateur MfIE; ketsa's ghost, amateur MiFi You hit the adder.
Your weapon exudes an aura of protection.
The adder is moderately wounded.
The adder bites you but does no damage.
You hit the adder.
The adder is moderately wounded.
The adder bites you but does no damage.
You hit the adder.
The adder is heavily wounded.
The adder bites you but does no damage. The adder bites you.
* * * LOW HITPOINT WARNING * * *
You are lethally poisoned!
The adder poisons you!
You puncture the adder!
You kill the adder!
Qazlal accepts your kill.
You die...

#.# #........# #......# #.#
#........####......# #.##
#..................# #..##
#........###.......# ##..###
#>.........#.......#
##...############.#.......#
###..# #......[....# ##.#####
#†#.##......# #### #.....#
#@#.##......# ...# #####.#
########......# ...#
#.###(♣⌠♣#..######## ...#
###.##8...W#.........# ...#
###...#.....W#.........#
######...###$.....+.........#
#......### 8.....+.....)...#
#.###### [)....+.........#
..# ...[..#.........#


There were no monsters in sight!

Vanquished Creatures
  Pikel (D:4)
  An ogre (D:5)
  2 lemures (D:4)
  A scorpion (D:5)
  A jelly (D:2)
  2 orc priests
  An orc wizard (D:4)
  5 gnolls
  6 adders
  A worm (D:2)
  A dart slug (D:2)
  5 orcs
  7 bats
  13 endoplasms
  3 giant cockroaches
  11 goblins
  7 hobgoblins
  19 kobolds
  4 quokkas
  6 ball pythons
  2 frilled lizards
  5 rats
104 creatures vanquished.

Notes
Turn   | Place    | Note
-------+----------+-------------------------------------------
     0 | D:1      | Anon1729 the Minotaur Monk began the quest for the Orb.
     0 | D:1      | Reached XP level 1. HP: 19/19 MP: 0/0
   118 | D:1      | Reached XP level 2. HP: 27/27 MP: 1/1
   513 | D:2      | Reached XP level 3. HP: 26/33 MP: 2/2
   733 | D:2      | Reached XP level 4. HP: 25/41 MP: 3/3
   807 | D:2      | Found Bouv's Armour Emporium.
  1041 | D:2      | Reached skill level 5 in Fighting
  1393 | D:3      | Reached XP level 5. HP: 48/48 MP: 4/4
  1473 | D:3      | Reached skill level 5 in Axes
  1783 | D:3      | Found a bloodstained altar of Trog.
  2008 | D:4      | Found a runed translucent gate.
  2009 | D:4      | Found a runed translucent gate.
  2010 | D:4      | Found a runed translucent gate.
  2012 | D:4      | Noticed bmj180's ghost (amateur MfIE)
  2012 | D:4      | Noticed ketsa's ghost (amateur MiFi)
  2013 | D:4      | Noticed bmj180's ghost (amateur MfIE)
  2046 | D:4      | Noticed a lemure
  2059 | D:4      | Killed a lemure
  2072 | D:4      | Noticed Pikel
  2072 | D:4      | Noticed a lemure
  2072 | D:4      | Noticed a lemure
  2073 | D:4      | Noticed a lemure
  2079 | D:4      | Killed a lemure
  2090 | D:4      | Killed Pikel
  2091 | D:4      | Reached XP level 6. HP: 10/58 MP: 5/5
  2091 | D:4      | Reached XP level 7. HP: 11/64 MP: 6/6
  2272 | D:4      | Noticed a fire elemental
  2273 | D:4      | Found a stormy altar of Qazlal.
  2275 | D:4      | Noticed a water elemental
  2276 | D:4      | Noticed an air elemental
  2296 | D:4      | Found a snail-covered altar of Cheibriados.
  2785 | D:4      | Became a worshipper of Qazlal Stormbringer
  2785 | D:4      | Reached * piety under Qazlal
  2785 | D:4      | Reached ** piety under Qazlal
  2798 | D:5      | Entered Level 5 of the Dungeon
  2923 | D:5      | HP: 3/66 [gnoll sergeant/+0 trident (11)]
  2928 | D:4      | Succumbed to an adder's poison

Illustrated notes

Levels and vault maps discovered:
D:1:      lightli_arrival_statuegarden, layout_rooms, minmay_heptomino_l4
D:2:      cheibrodos_fertilizer, layout_rooms, serial_shops, shop, st_stairs_9,
          dreamdust_mushroom_princess, minmay_misc_feat_rows
D:3:      layout_loops_ring, bloody_trog
D:4:      layout_rooms, nicolae_qazlal_style_of_elements, cheibriados_altar_1,
          gammafunk_ghost_cemetery, uniq_pikel
D:5:      layout_cave_pods, nicolae_grassy_gnolls

Skill      XL: |  1  2  3  4  5  6  7 |
---------------+----------------------+-----
Fighting       | 4 5 6 7 |  7.3
Axes           | 4 6 7 |  7.1
Dodging        | 4 6 |  6.5

Action                     |  1- 3 |  4- 6 |  7- 9 || total
---------------------------+-------+-------+-------++-------
  Melee: Dagger            |    77 |     7 |       ||    84
         Headbutt          |    15 |    24 |     7 ||    46
         Trident           |       |    93 |    44 ||   137
    Use: Potion            |       |     1 |       ||     1
 Armour: Robe              |    10 |       |       ||    10
         Plate armour      |    33 |    64 |    31 ||   128
  Dodge: Dodged            |    41 |    21 |    16 ||    78
  Block: Orb               |       |       |     2 ||     2

Table legend: (Time is in decaauts)
 A = Elapsed time spent in this place.
 B = Non-inter-level travel time spent in this place.
 C = Inter-level travel time spent in this place.
 D = Time resting spent in this place.
 E = Time spent auto-exploring this place.
 F = Levels seen in this place.
 G = Mean time per level.
                   A        B        C        D        E       F      G
               +--------+--------+--------+--------+--------+-----+--------+
         Total |   2943 |   2768 |    175 |     77 |   2174 |   5 |  588.6 |
       Dungeon |   2943 |   2768 |    175 |     77 |   2174 |   5 |  588.6 |
               +--------+--------+--------+--------+--------+-----+--------+

Top non-repeatable levels by time:
     D:4: 858 daAuts
     D:2: 819 daAuts
     D:3: 629 daAuts
     D:1: 507 daAuts
     D:5: 127 daAuts
